 Dungeon Crawl Stone Soup version 0.26-a0-597-gb535b0901c (webtiles) character file.

Game seed: 8593431926921377709

297 Lanoc the Grave Robber (level 6, -6/41 HPs)
             Began as a Demonspawn Necromancer on Sept 11, 2020.
             Mangled by Menkaure (18 damage)
             ... in an ossuary.
             The game lasted 00:10:02 (3946 turns).

Lanoc the Grave Robber (Demonspawn Necromancer)     Turns: 3946, Time: 00:10:03

Health: -6/41      AC:  3    Str:  8    XL:     6   Next: 12%
Magic:  9/9        EV: 14    Int: 24    God:
Gold:   204        SH:  5    Dex: 14    Spells: 4/9 levels left

rFire    . . .     SeeInvis .   o - +4 short sword
rCold    . . .     Faith    .   (no shield)
rNeg     . . .     Spirit   .   a - +1 robe
rPois    .         Reflect  +   (no helmet)
rElec    .         Harm     .   f - scarf {repulsion}
rCorr    .                      (no gloves)
MR       +....                  (no boots)
Stlth    ++........             i - amulet of reflection
HPRegen  0.13/turn              k - ring of protection from magic
MPRegen  0.11/turn              p - +6 ring of intelligence

@: mighty, marked, repel missiles
A: demonic guardian 1, powered by pain 2
a: no special abilities


You were in an ossuary.
You visited 1 branch of the dungeon, and saw 4 of its levels.
You also visited: Sewer and Ossuary.

You collected 204 gold pieces.

Inventory:

Hand Weapons
 o - a +4 short sword (weapon)
Armour
 a - a +1 robe (worn)
 f - a scarf of repulsion (worn)
Jewellery
 i - an amulet of reflection (around neck)
 k - a ring of protection from magic (left hand)
 p - a +6 ring of intelligence (right hand)
Wands
 n - a wand of paralysis (5)
Scrolls
 b - a scroll of magic mapping
 c - 2 scrolls of remove curse
 e - a scroll of enchant armour
 g - a scroll of fear
 h - 3 scrolls of teleportation
 q - 2 scrolls of fog
Potions
 d - a potion of magic {unknown}
 j - 4 potions of flight
 l - 2 potions of heal wounds
 m - a potion of lignification
 r - a potion of might


   Skills:
 + Level 3.6 Dodging
 - Level 1.7 Stealth
 - Level 2.0 Spellcasting
 * Level 7.1 Necromancy


You had 4 spell levels left.
You knew the following spells:

 Your Spells              Type           Power        Failure   Level
a - Pain                  Necr           ####         1%          1
b - Animate Skeleton      Necr           #####.       1%          1
c - Vampiric Draining     Necr           #####.....   1%          3

Your spell library contained the following spells:

 Spells                   Type           Power        Failure   Level
 Animate Dead             Necr           #####.....   6%          4
 Agony                    Necr           #####...     19%         5


Dungeon Overview and Level Annotations

Branches:
Dungeon (4/15)              Sewer (visited)         Ossuary (1/1)
 Temple: D:4-7

Altars:
Dithmenos

Annotations:
Ossuary Menkaure


Innate Abilities, Weirdness & Mutations

A weak demonic guardian rushes to your aid.
You sometimes gain power by taking damage.


Message History

An arrow hits Menkaure!
You swap places.
Your white imp gestures at Menkaure.
The puff of frost hits Menkaure.
Menkaure resists.
Your white imp hits Menkaure.
Your white imp freezes Menkaure.
Menkaure resists.
Menkaure calls on the powers of darkness!
Your body is wracked with pain!
You focus on the pain.
You feel very mighty all of a sudden.
A rat zombie comes into view.
Your white imp hits Menkaure.
Your white imp freezes Menkaure.
Menkaure resists.
You swap places.
Menkaure calls on the powers of darkness!
Your body is wracked with pain!
* * * LOW HITPOINT WARNING * * *
You barely miss Menkaure.
Menkaure is severely damaged.
Menkaure hits you!!
You die...

##^^##..##..####..##..##..##
##..##..##..## ##..##..##..##
##..##..##..## ##..##.^##^.##
#..##..##..## ##..##^.##..##
..##..##..## ##.^##..##..#
.##..##..## ##..##..##..
##..##..## ##..##.^##.
#..##..##############''##..##..##
..##^........^.5@M^.Z.^.##..##.^#
.##########################..##..
...........^....^.............##.
#################################
........................^........
#################################


You could see Menkaure, a rat zombie and a friendly white imp (summoned).

Vanquished Creatures
  A worker ant (D:4)
  4 mummies
  4 adders
  A river rat (D:4)
  2 oozes
  2 worms (D:2)
  An adder skeleton (D:4)
  A dart slug (D:1)
  3 leopard geckos
  3 orcs
  5 giant cockroaches
  3 gnoll zombies (Ossuary)
  4 goblins
  6 hobgoblins
  6 kobolds
  3 quokkas
  3 ball pythons
  9 bats
  14 frilled lizards
  2 gnoll skeletons (Ossuary)
  4 goblin skeletons (Ossuary)
  3 goblin zombies (Ossuary)
  4 hobgoblin skeletons (Ossuary)
  4 hobgoblin zombies (Ossuary)
  A jackal skeleton (D:2)
  6 kobold skeletons (Ossuary)
  3 kobold zombies (Ossuary)
  4 orc skeletons (Ossuary)
  3 orc zombies (Ossuary)
  11 rats
  4 rat skeletons (Ossuary)
  6 rat zombies (Ossuary)
130 creatures vanquished.

Vanquished Creatures (collateral kills)
  Purgy (Sewer)
  A dart slug (D:1)
  A hobgoblin (D:1)
3 creatures vanquished.

Vanquished Creatures (others)
  2 kobold zombies (Ossuary)
  An orc skeleton (Ossuary)
3 creatures vanquished.

Grand Total: 136 creatures vanquished

Notes
Turn   | Place    | Note
-------+----------+-------------------------------------------
     0 | D:1      | Lanoc the Demonspawn Necromancer began the quest for the
                  | Orb.
     0 | D:1      | Reached XP level 1. HP: 13/13 MP: 3/3
    65 | D:1      | Learned a level 1 spell: Animate Skeleton
   260 | D:1      | Gained mutation: A weak demonic guardian rushes to your
                  | aid. [demonic ancestry]
   260 | D:1      | Reached XP level 2. HP: 9/19 MP: 1/5
   854 | D:1      | Reached skill level 5 in Necromancy
  1171 | D:2      | Reached XP level 3. HP: 24/24 MP: 3/6
  1259 | D:2      | Learned a level 3 spell: Vampiric Draining
  1668 | D:2      | Reached XP level 4. HP: 30/30 MP: 5/7
  2264 | D:3      | Found a shadowy altar of Dithmenos.
  2682 | D:4      | Reached skill level 6 in Necromancy
  2741 | D:4      | Gained mutation: You sometimes gain a little power by
                  | taking damage. [demonic ancestry]
  2741 | D:4      | Reached XP level 5. HP: 26/35 MP: 2/8
  2804 | D:4      | Found a glowing drain.
  2819 | Sewer    | Entered a sewer
  2865 | Sewer    | Noticed Purgy
  2871 | Sewer    | Killed Purgy
  3114 | D:4      | Found a sand-covered staircase.
  3125 | Ossuary  | Entered an ossuary
  3534 | Ossuary  | Reached skill level 7 in Necromancy
  3584 | Ossuary  | Gained mutation: You sometimes gain power by taking damage.
                  | [demonic ancestry]
  3584 | Ossuary  | Reached XP level 6. HP: 28/41 MP: 9/9
  3599 | Ossuary  | HP: 2/41 [mummy (16)]
  3937 | Ossuary  | Noticed Menkaure
  3946 | Ossuary  | Mangled by Menkaure

Illustrated notes

Levels and vault maps discovered:
D:1:      wander_arrival_chamber, layout_basic
D:2:      layout_rooms
D:3:      layout_rooms, overflow_temple_1_default
D:4:      minmay_clustersquares, layout_loops_corners,
          yredelemnul_altar_generic, gammafunk_temple_overflow_elements,
          gup_sewer_entry_bubbles, gup_ossuary_entry_pyramid
Ossuary:  ossuary_due_pyramid

Skill      XL: |  1  2  3  4  5 |
---------------+----------------+-----
Dodging        | 2 3 |  3.6
Necromancy     | 5 6 7 |  7.1
Stealth        | |  1.7
Spellcasting   | |  2.0

Action                   |  1- 3 |  4- 6 || total
-------------------------+-------+-------++-------
Melee: Unarmed           |     9 |       ||     9
       Dagger            |    34 |     6 ||    40
       Short sword       |       |   165 ||   165
 Cast: Pain              |    60 |    52 ||   112
       Animate Skeleton  |     3 |     1 ||     4
       Vampiric Draining |     2 |     2 ||     4
Evoke: Wand              |       |     3 ||     3
  Use: Potion            |     1 |     1 ||     2
       Scroll            |       |    12 ||    12
 Stab: Paralysed         |       |     6 ||     6
Armor: Robe              |    11 |    17 ||    28
       Skin              |     8 |       ||     8
Dodge: Dodged            |    37 |    87 ||   124
Block: Other             |     7 |    26 ||    33

Table legend: (Time is in decaauts)
 A = Elapsed time spent in this place.
 B = Non-inter-level travel time spent in this place.
 C = Inter-level travel time spent in this place.
 D = Time resting spent in this place.
 E = Time spent auto-exploring this place.
 F = Levels seen in this place.
 G = Mean time per level.
                   A        B        C        D        E       F      G
               +--------+--------+--------+--------+--------+-----+--------+
         Total |   4013 |   3937 |     76 |    532 |   2220 |   6 |  668.8 |
       Dungeon |   2909 |   2833 |     76 |     62 |   2090 |   4 |  727.2 |
         Sewer |    270 |    270 |      0 |      0 |    130 |   1 |  270.0 |
       Ossuary |    833 |    833 |      0 |    470 |      0 |   1 |  833.0 |
               +--------+--------+--------+--------+--------+-----+--------+

Top non-repeatable levels by time:
     D:1: 1207 daAuts
 Ossuary: 833 daAuts
     D:2: 820 daAuts
     D:3: 593 daAuts
     D:4: 288 daAuts
   Sewer: 270 daAuts
